 Dungeon Crawl Stone Soup version 0.16-a0-148-g3b84123 (webtiles) character file.

6504 Ratboiler the Basher (level 11, -19/117 HPs)
             Began as an Ogre Artificer on Aug 15, 2014.
             Was a Follower of the Shining One.
             Demolished by a spiny frog (25 damage)
             ... on Level 1 of the Lair of Beasts.
             The game lasted 00:37:25 (11816 turns).

Ratboiler the Basher (Ogre Artificer)              Turns: 11816, Time: 00:37:25

HP -19/117       AC  3     Str 23      XL: 11   Next:  0%
MP  15/15        EV 18     Int 11      God: the Shining One [*.....]
Gold 284         SH  0     Dex 18      Spells:  0 memorised, 10 levels left

rFire  . . .     SeeInvis .     a - +1 giant spiked club
rCold  . . .     Clarity  .     e - +0 robe
rNeg   . . .     rCorr    .     (shield restricted)
rPois  .         rRot     .     (helmet restricted)
rElec  .         Spirit   .     (no cloak)
SustAb .         Warding  .     (gloves unavailable)
rMut   .         Stasis   .     (boots unavailable)
Gourm  .                        (no amulet)
MR     +....                    (no ring)
                                k - cursed ring of wizardry

@: mighty, agile, very slightly contaminated, glowing, heavily drained, somewhat
resistant to hostile enchantments, very unstealthy
A: unfitting armour, tough skin 1
a: Renounce Religion


You were on level 1 of the Lair of Beasts.
You worshipped the Shining One.
The Shining One was aware of your devotion.
You were not hungry.

You visited 3 branches of the dungeon, and saw 11 of its levels.

You collected 284 gold pieces.

Inventory:

Hand weapons
 a - a +1 giant spiked club (weapon)
 K - a +1 whip of flaming
Missiles
 x - a tomahawk (quivered)
 H - 3 javelins
 I - 2 throwing nets
Armour
 e - a +0 robe (worn)
 J - a +0 shield of cold resistance
Magical devices
 c - a wand of enslavement (0)
 d - a wand of flame (7)
 A - a wand of flame (18)
Comestibles
 f - 7 meat rations
 h - 9 bread rations
 j - 2 chunks of crocodile flesh
 r - 3 slices of pizza
 C - a royal jelly
 F - 4 fruits
 U - 3 beef jerkies
Scrolls
 i - a scroll of remove curse
Jewellery
 g - an uncursed ring of ice
 k - a cursed ring of wizardry (left hand)
Potions
 l - a potion of poison {unknown}
 m - a potion of might
 n - 2 potions of brilliance
 o - a potion of agility
 p - 4 potions of curing
 t - a potion of resistance
 P - 2 potions of restore abilities
Books
 b - a book of the Dragon

   Spells                             Type                      Level
   Flight                             Charms/Air                   3
   Cause Fear                         Hexes                        4
   Bolt of Fire                       Conjuration/Fire             6
   Dragon Form                        Transmutation                7
   Dragon's Call                      Summoning                    9


   Skills:
 + Level 9.8(8.3) Fighting
 * Level 13.1(11.6) Maces & Flails
 + Level 2.6(1.4) Armour
 + Level 7.0(5.7) Dodging
 - Level 0.7(0.0) Stealth
 - Level 5.3(4.0) Shields
 - Level 2.4(1.2) Evocations


You had 10 spell levels left.
You didn't know any spells.

Dungeon Overview and Level Annotations

Branches:
Dungeon (8/15)             Temple (1/1) D:7            Lair (2/8) D:8

Altars:
Ashenzari
Dithmenos
Fedhas
Gozag
Kikubaaqudgha
Makhleb
Okawaru
Qazlal
Sif Muna
Trog
Vehumet
Xom
Yredelemnul
Zin
The Shining One

Annotations:
D:5 Eustachio


Innate Abilities, Weirdness & Mutations

You are too large for most types of armour.
You have tough skin (AC +1).


Message History

The spiny frog barely misses you. The spiny frog stings you!
* * * LOW HITPOINT WARNING * * *
You thump the spiny frog!
The spiny frog is moderately wounded.
The spiny frog stings you!!
* * * LOW HITPOINT WARNING * * *
Read which item? (? for menu, Esc to quit)
Blink to where?
Press: ? - help, Dir - move target cursor
As you read the scroll of blinking, it crumbles to dust.
You are very lightly contaminated with residual magic.
Drink which item? (? for menu, Esc to quit)
You feel very mighty all of a sudden.
It was a potion of might.
Drink which item? (? for menu, Esc to quit)
Okay, then.
Read which item? (? for menu, Esc to quit)
Okay, then.
The spiny frog stings you!!
You die...

.......#
#.........P#
.......#
####......##
.......#
###...##
.......# ##..##
.......# #.FP##
.......# ##...#
>.....## ##..#
......#
######..####
.....##
###...@#.....#
....##
###......F....##
#####
##...........P.#
#..............#
*****
#.............##
,,*,**
#.............#
,,,,,*
##............#
,,,,,*
#............#
,,,,,*
##........##.#


You could see a spiny frog.

Vanquished Creatures
  Pikel (D:6)
  A spiny frog (Lair:1)
  8 blink frogs (Lair:1)
  A basilisk (Lair:1)
  6 yaks
  A deep elf fighter (D:8)
  2 hippogriffs (Lair:1)
  Edmund (D:7)
  A water moccasin (Lair:1)
  3 porcupines
  3 slaves (D:6)
  A black bear (D:8)
  A phantom (D:5)
  3 ogres
  3 centaurs
  3 crocodiles
  A big kobold (D:5)
  5 giant frogs
  A water moccasin zombie (D:6)
  8 wights
  3 scorpions
  3 jellies (D:4)
  2 crimson imps
  A goliath beetle (D:8)
  A hound (D:6)
  2 orc priests
  A giant frog zombie (D:5)
  An orange rat (Lair:2)
  4 orc wizards
  Natasha (thrice) (D:5)
  3 iguanas
  A worker ant (D:8)
  Jessica (D:3)
  A hound skeleton (D:6)
  11 adders
  2 green rats (D:8)
  A giant mite (D:6)
  2 worms
  An iguana skeleton (D:5)
  5 giant geckos
  21 orcs
  A bat zombie (D:6)
  6 giant cockroaches
  A giant mite zombie (D:6)
  16 hobgoblins
  17 jackals
  4 quokkas
  15 bats
  3 giant newts
  10 goblins
  A hobgoblin zombie (D:8)
  17 kobolds
  A kobold skeleton (D:5)
  28 rats
  5 ballistomycetes (D:7)
249 creatures vanquished.

Vanquished Creatures (collateral kills)
  2 yaks (Lair:1)
  A bat skeleton (D:4)
  A jackal skeleton (D:4)
4 creatures vanquished.

Vanquished Creatures (others)
  A giant gecko (D:4)
  3 giant spores (D:7)
  A ballistomycete (D:7)
5 creatures vanquished.

Grand Total: 258 creatures vanquished

Notes
Turn   | Place    | Note
--------------------------------------------------------------
     0 | D:1      | Ratboiler, the Ogre Artificer, began the quest for the Orb.
     0 | D:1      | Reached XP level 1. HP: 19/19 MP: 1/1
   521 | D:1      | Reached XP level 2. HP: 14/28 MP: 2/2
  1726 | D:2      | Reached skill level 3 in Maces & Flails
  1951 | D:2      | Found a radiant altar of Vehumet.
  1992 | D:2      | Reached XP level 3. HP: 31/35 MP: 4/4
  2581 | D:3      | Reached XP level 4. HP: 41/44 MP: 5/5
  2623 | D:3      | Reached skill level 4 in Maces & Flails
  3161 | D:3      | Noticed Jessica
  3162 | D:3      | Killed Jessica
  3162 | D:3      | Reached XP level 5. HP: 50/53 MP: 7/7
  3396 | D:3      | Found an ancient bone altar of Kikubaaqudgha.
  3491 | D:4      | Found an opulent altar of Gozag.
  3493 | D:4      | Found a deep blue altar of Sif Muna.
  3503 | D:4      | Reached skill level 5 in Maces & Flails
  3695 | D:4      | Reached XP level 6. HP: 28/62 MP: 8/8
  3906 | D:4      | Noticed an ogre
  3915 | D:4      | Killed an ogre
  3915 | D:4      | Reached skill level 6 in Maces & Flails
  4092 | D:4      | Found a stormy altar of Qazlal.
  4369 | D:4      | Got a transparent spear
  4374 | D:4      | Identified the +8 spear "Thrywoz" {pain, +Blink +Inv} (You found it on level 4 of the Dungeon)
  4497 | D:4      | Noticed an ogre
  4511 | D:4      | Killed an ogre
  4655 | D:5      | Entered Level 5 of the Dungeon
  4691 | D:5      | Noticed Eustachio
  4777 | D:4      | Reached XP level 7. HP: 68/71 MP: 9/9
  4795 | D:5      | Reached skill level 7 in Maces & Flails
  4840 | D:5      | Noticed Natasha
  4845 | D:5      | Killed Natasha
  4940 | D:5      | Noticed Natasha
  4947 | D:5      | Killed Natasha
  5154 | D:5      | Noticed Natasha
  5159 | D:5      | Killed Natasha
  5168 | D:5      | Reached skill level 5 in Fighting
  5719 | D:6      | Reached skill level 8 in Maces & Flails
  5964 | D:6      | Reached XP level 8. HP: 81/83 MP: 11/11
  6289 | D:6      | Reached skill level 9 in Maces & Flails
  6393 | D:6      | Noticed Pikel
  6518 | D:6      | Killed Pikel
  6832 | D:7      | Found a shattered altar of Ashenzari.
  7041 | D:7      | Reached skill level 10 in Maces & Flails
  7172 | D:7      | Found a staircase to the Ecumenical Temple.
  7181 | Temple   | Entered the Ecumenical Temple
  7189 | Temple   | Became a worshipper of the Shining One
  7221 | D:7      | Reached skill level 5 in Dodging
  7657 | D:7      | Noticed Edmund
  7674 | D:7      | Killed Edmund
  7674 | D:7      | Reached skill level 1 in Shields
  7674 | D:7      | Reached XP level 9. HP: 65/93 MP: 12/12
  7983 | D:8      | Found an iron altar of Okawaru.
  8457 | D:8      | Reached skill level 11 in Maces & Flails
  8620 | D:8      | Found a staircase to the Lair.
  8693 | Lair:1   | Entered Level 1 of the Lair of Beasts
  9508 | D:8      | Reached XP level 10. HP: 79/106 MP: 14/14
  9823 | Lair:1   | Reached skill level 12 in Maces & Flails
 10001 | Lair:1   | Reached skill level 1 in Armour
 10638 | Lair:1   | Noticed a spiny frog
 10653 | Lair:1   | Killed a spiny frog
 10653 | Lair:1   | Reached skill level 5 in Shields
 11257 | Lair:1   | HP: 1/107 [blink frog (12)]
 11294 | Lair:1   | HP: 4/107 [blink frog (15)]
 11304 | Lair:1   | Reached skill level 13 in Maces & Flails
 11758 | Lair:1   | Noticed an eight-headed hydra
 11759 | Lair:1   | Noticed a komodo dragon
 11772 | Lair:1   | Noticed a spiny frog
 11778 | Lair:2   | Reached XP level 11. HP: 114/117 MP: 15/15
 11779 | Lair:2   | Acquired the Shining One's first power
 11804 | Lair:1   | HP: 3/117 [spiny frog (23)]
 11816 | Lair:1   | Demolished by a spiny frog

Action                   |  1- 3 |  4- 6 |  7- 9 | 10-12 || total
-------------------------+-------+-------+-------+-------++-------
Melee: Club              |   133 |   118 |       |       ||   251
       Giant club        |       |    50 |       |       ||    50
       Giant spiked club |       |     8 |   364 |   104 ||   476
       Whip              |       |       |       |    21 ||    21
Throw: Tomahawk          |     4 |     2 |     2 |     1 ||     9
Evoke: Wand              |     7 |    23 |    12 |     4 ||    46
  Use: Scroll            |       |     2 |    13 |     2 ||    17
       Potion            |       |       |       |    10 ||    10
 Stab: Sleeping          |       |     1 |     2 |       ||     3
  Eat: Chunk             |     4 |     6 |    14 |     8 ||    32
       Pizza             |     1 |       |       |       ||     1
       Beef jerky        |       |       |     1 |       ||     1
